 Dungeon Crawl Stone Soup version 0.28.0-62-gf88900778d (webtiles) character file.

Game seed: 7868981484555012701

6767 cbfl8 the Cleaver (level 10, -7/132 HPs)
             Began as a Minotaur Berserker on Jan 10, 2024.
             Was an Elder of Trog.
             Mangled by a hellwing (8 damage)
             ... summoned by a kobold demonologist
             ... on level 9 of the Dungeon.
             The game lasted 00:08:27 (10545 turns).

cbfl8 the Cleaver (Minotaur Berserker)             Turns: 10545, Time: 00:08:28

Health: -7/132     AC: -13   Str: 21    XL:     10   Next: 76%
Magic:  9/9        EV:  8    Int:  4    God:    Trog [****..]
Gold:   226        SH:  5    Dex: 15    Spells: 9/9 levels left

rFire   + . .      SeeInvis .   y - +0 war axe (drain)
rCold   x . .      Faith    .   l - +0 buckler
rNeg    . . .      Spirit   .   j - +0 chain mail
rPois   .          Reflect  .   (helmet restricted)
rElec   .          Harm     .   z - +0 cloak
rCorr   .          Rampage  .   p - +0 pair of gloves
Will    .....                   (no boots)
Stlth   ..........              (no amulet)
HPRegen 0.32/turn               t - ring of fire
MPRegen 0.11/turn               (no ring)

@: berserking (expiring), corroded, very quick
A: horns 2, retaliatory headbutt
a: Renounce Religion, Berserk, Trog's Hand, Brothers in Arms


You were on level 9 of the Dungeon.
You worshipped Trog.
Trog was greatly pleased with you.
You visited 1 branch of the dungeon, and saw 9 of its levels.

You collected 371 gold pieces.
You spent 145 gold pieces at shops.

Inventory:

Hand Weapons
 y - a +0 war axe of draining (weapon)
Missiles
 s - 2 throwing nets
Armour
 j - a +0 chain mail (worn)
 l - a +0 buckler (worn)
 p - a +0 pair of gloves (worn)
 z - a +0 cloak (worn)
Jewellery
 t - a ring of fire (left hand)
Wands
 b - a wand of digging (11)
 i - a wand of flame (37)
 q - a wand of iceblast (12)
 r - a wand of paralysis (5) (quivered)
Scrolls
 c - 3 scrolls of teleportation
 k - 4 scrolls of noise
 m - a scroll of enchant armour {unknown}
 n - 2 scrolls of blinking
Potions
 a - 5 potions of brilliance {unknown}
 d - 2 potions of flight {unknown}
 e - a potion of ambrosia {unknown}
 f - 2 potions of might
 g - a potion of cancellation {unknown}
 h - 2 potions of heal wounds
 o - 2 potions of resistance {unknown}
 u - a potion of mutation {unknown}
 v - a potion of experience {unknown}
 x - a potion of haste {unknown}


   Skills:
 + Level 8.3 Fighting
 + Level 12.2 Axes
 + Level 10.0 Armour
 - Level 2.1 Dodging
 + Level 4.2 Shields
 + Level 1.6 Unarmed Combat
 * Level 6.8 Evocations


You had 9 spell levels left.
You didn't know any spells.
Your spell library was empty.

Dungeon Overview and Level Annotations

Branches:
Dungeon (9/15)             Temple (0/1) D:4             Orc (0/2) D:9
   Lair: D:8-11

Altars:
Elyvilon

Shops:
D:4 ?


Innate Abilities, Weirdness & Mutations

You have a pair of horns on your head.
You reflexively headbutt those who attack you in melee.


Message History

You hit something but do no damage. You headbutt something!!
You hit the hellwing but do no damage. You hit the rust devil.
The hellwing hits you. The hellwing hits you! The rust devil hits you!
The rust devil corrodes you! Something hits you.
You barely miss something. Your headbutt misses something.
You hit the rust devil. You hit the hellwing. The hellwing hits you!
* * * LOW HITPOINT WARNING * * *
The hellwing barely misses you. The rust devil barely misses you.
You furiously retaliate!
You headbutt the rust devil, but do no damage.
You hit something.
You hit the rust devil but do no damage.
You hit the hellwing but do no damage. Something hits you.
* * * LOW HITPOINT WARNING * * *
You hit something but do no damage. You hit the rust devil.
You completely miss the hellwing. You block the hellwing's attack.
The hellwing hits you!
* * * LOW HITPOINT WARNING * * *
The rust devil hits you!
* * * LOW HITPOINT WARNING * * *
The rust devil corrodes you!
You miss something.
You hit the rust devil but do no damage.
You hit the hellwing.
You hear some strange, mumbled words.
Unknown command.
You miss something.
You hit the rust devil but do no damage.
You completely miss the hellwing. You hit the orange demon.
The hellwing misses you. You furiously retaliate!
You headbutt the hellwing, but do no damage.
The hellwing barely misses you. The rust devil hits you!
* * * LOW HITPOINT WARNING * * *
The rust devil corrodes you! Something hits you.
* * * LOW HITPOINT WARNING * * *
You hit something but do no damage. Your headbutt misses something.
You slash the orange demon! You closely miss the hellwing.
You barely miss the rust devil. The orange demon barely misses you.
The orange demon closely misses you. The hellwing hits you!
You die...

........................
##.......#####.#########..
.........# #.# ..
.........# #.#######.#
.........# #...).....#
.......### #...?.)...#
.......# #####.........#
######## ........{.....#
.#####.@4.....# #.44.....#
..........# ###........#
!.......... ........####
........# .........#


You could see an orange demon (summoned), a hellwing (summoned) and a rust devil
(summoned).

Vanquished Creatures
  A deep elf pyromancer (D:8)
  Joseph (D:8)
  Maggie (D:8)
  Psyche (D:8)
  9 yaks (D:9)
  A shadow (D:7)
  A wyvern (D:7)
  4 steam dragons
  Menkaure (D:4)
  3 water moccasins
  An orc warrior (D:9)
  A sky beast (D:7)
  An ice beast (D:6)
  A black bear (D:5)
  An ogre (D:6)
  A necrophage (D:7)
  A centaur (D:8)
  A kobold brigand (D:8)
  6 bullfrogs
  4 scorpions
  2 wyvern zombies
  A water moccasin skeleton (D:6)
  3 killer bees (D:9)
  10 wights
  A crimson imp (D:8)
  A howler monkey (D:6)
  A centaur zombie (D:6)
  3 hounds
  4 jellies
  3 gnoll shamans
  An orc priest (D:4)
  2 bullfrog skeletons (D:6)
  Jessica (D:2)
  3 iguanas
  3 orc wizards
  Natasha (thrice) (D:2)
  5 adders
  6 gnolls
  A white imp (D:8)
  2 adder skeletons (D:4)
  2 worms (D:2)
  4 dart slugs
  17 orcs
  14 bats
  7 endoplasms
  12 giant cockroaches
  5 hobgoblins
  4 quokkas
  7 ball pythons
  5 frilled lizards
  6 goblins
  14 kobolds
  8 rats
202 creatures vanquished.

Vanquished Creatures (others)
  9 fungi (D:6)
9 creatures vanquished.

Grand Total: 211 creatures vanquished

Notes
Turn   | Place    | Note
-------+----------+-------------------------------------------
     0 | D:1      | cbfl8 the Minotaur Berserker began the quest for the Orb.
     0 | D:1      | Reached XP level 1. HP: 19/19 MP: 0/0
    27 | D:1      | Found a faded altar of an unknown god.
   215 | D:1      | Reached XP level 2. HP: 27/27 MP: 1/1
   232 | D:1      | Reached skill level 4 in Axes
   536 | D:1      | Reached ** piety under Trog
   592 | D:1      | Reached XP level 3. HP: 33/33 MP: 2/2
   974 | D:2      | Noticed Natasha
   986 | D:2      | Killed Natasha
   987 | D:2      | Reached skill level 1 in Evocations
   987 | D:2      | Reached XP level 4. HP: 23/41 MP: 3/3
  1175 | D:2      | Noticed Jessica
  1185 | D:2      | Killed Jessica
  1186 | D:2      | Reached skill level 5 in Axes
  1207 | D:2      | Noticed Natasha
  1221 | D:2      | Killed Natasha
  1526 | D:2      | Reached XP level 5. HP: 44/47 MP: 4/4
  1617 | D:2      | Noticed Natasha
  1619 | D:2      | Killed Natasha
  1907 | D:3      | Found a white marble altar of Elyvilon.
  2055 | D:3      | Reached *** piety under Trog
  2598 | D:4      | Found Edoab's Magic Scroll Shoppe.
  2718 | D:4      | Bought a scroll of identify for 20 gold pieces
  2718 | D:4      | Bought a scroll of identify for 20 gold pieces
  2718 | D:4      | Bought a scroll of teleportation for 30 gold pieces
  2793 | D:4      | Reached XP level 6. HP: 55/55 MP: 5/5
  2800 | D:4      | Reached skill level 5 in Fighting
  2800 | D:4      | Reached skill level 6 in Axes
  2824 | D:4      | Found a staircase to the Ecumenical Temple.
  3091 | D:4      | Noticed Menkaure
  3099 | D:4      | Killed Menkaure
  3465 | D:4      | Reached XP level 7. HP: 61/61 MP: 6/6
  3808 | D:4      | Bought a scroll of blinking for 75 gold pieces
  3831 | D:5      | Entered Level 5 of the Dungeon
  3841 | D:5      | Reached **** piety under Trog
  4055 | D:5      | Reached skill level 7 in Axes
  4198 | D:5      | Reached skill level 5 in Armour
  4711 | D:6      | Reached skill level 8 in Axes
  4711 | D:6      | Reached XP level 8. HP: 46/70 MP: 7/7
  5384 | D:6      | Identified the +1 ring mail "Nuylusoq" {rC- Will++ Str+3}
  5396 | D:6      | Reached skill level 1 in Shields
  6058 | D:6      | Reached skill level 9 in Axes
  6695 | D:6      | Reached XP level 9. HP: 78/78 MP: 8/8
  7128 | D:7      | Reached skill level 5 in Evocations
  7267 | D:7      | Reached skill level 10 in Axes
  8258 | D:8      | Noticed Joseph
  8269 | D:8      | Killed Joseph
  8270 | D:8      | Reached skill level 11 in Axes
  8309 | D:8      | Noticed Psyche
  8312 | D:8      | Noticed Maggie
  8553 | D:8      | Killed Psyche
  8554 | D:8      | Reached XP level 10. HP: 72/86 MP: 9/9
  8948 | D:8      | Killed Maggie
  9240 | D:8      | Noticed a deep elf pyromancer
  9248 | D:8      | Killed a deep elf pyromancer
  9360 | D:8      | Reached skill level 1 in Unarmed Combat
 10146 | D:9      | Found a staircase to the Orcish Mines.
 10482 | D:9      | Reached skill level 12 in Axes
 10530 | D:9      | Noticed a rust devil
 10538 | D:9      | Reached skill level 10 in Armour
 10544 | D:9      | Noticed an orange demon
 10544 | D:9      | HP: 6/132 [rust devil[a kobold demonologist] (8)]
 10544 | D:9      | HP: 1/132 [something (5)]
 10545 | D:9      | Mangled by a hellwing

Illustrated notes

Levels and vault maps discovered:
D:1:      minmay_arrival_diagonal_passages, layout_basic,
          shapermc_ecumenical_altar_mp_highgroup
D:2:      layout_rooms, minmay_worlds_worst_comb, uniq_natasha, uniq_jessica
D:3:      minmay_door_path, layout_loops_ring, elyvilon_altar_1,
          kennysheep_generic_room_2
D:4:      layout_gridville, temple_green, serial_shops, shop_scrolls,
          uniq_menkaure
D:5:      layout_rooms
D:6:      kennysheep_steamy, layout_basic, minmay_crossroads
D:7:      layout_gridville, hangedman_decor_diamond_cutter
D:8:      layout_layer_cave, minmay_fire_ice_demons, uniq_joseph, uniq_maggie,
          uniq_psyche
D:9:      layout_basic, orc_0_dummy

Skill      XL: |  1  2  3  4  5  6  7  8  9 10 |
---------------+-------------------------------+-----
Fighting       | 4 5 6 7 8 |  8.3
Axes           | 4 5 6 8 9 11 12 | 12.2
Evocations     | 1 2 3 4 5 6 |  6.8
Armour         | 3 4 5 7 8 10 | 10.0
Shields        | 1 3 4 |  4.2
Unarmed Combat | 1 |  1.6
Dodging        | |  2.1

Action                   |  1- 3 |  4- 6 |  7- 9 | 10-12 || total
-------------------------+-------+-------+-------+-------++-------
Melee: Hand axe          |    94 |    78 |       |       ||   172
       Headbutt          |     8 |    17 |    44 |    26 ||    95
       Punch             |     2 |       |       |       ||     2
       War axe           |       |    62 |   212 |   104 ||   378
       Unarmed           |       |       |     6 |     6 ||    12
Invok: Berserk           |       |     2 |     4 |     2 ||     8
Evoke: Wand              |       |       |     3 |       ||     3
  Use: Scroll            |       |     4 |     7 |     1 ||    12
 Stab: Sleeping          |     1 |       |       |       ||     1
Armor: Animal skin       |    12 |       |       |       ||    12
       Scale mail        |    32 |    20 |       |       ||    52
       Chain mail        |       |    48 |    96 |    40 ||   184
       Skin              |       |       |     1 |     1 ||     2
Dodge: Dodged            |    67 |    60 |    68 |    44 ||   239
Block: Buckler           |       |     4 |    39 |    25 ||    68
